 Dungeon Crawl Stone Soup version 0.29-a0-337-g68df138881 (webtiles) character file.

Game seed: 18031993646712993446

140 Lekart the Slasher (level 5, -1/51 HPs)
             Began as a Draconian Chaos Knight on Apr 16, 2022.
             Was a Plaything of Xom.
             Killed by divine providence
             ... invoked by an orc priest
              (14 damage)
             ... on level 3 of the Dungeon.
             The game lasted 00:05:19 (3542 turns).

Lekart the Slasher (Draconian Chaos Knight)         Turns: 3542, Time: 00:05:20

Health: -1/51      AC:  5    Str: 14    XL:     5   Next: 2%
Magic:  5/5        EV: 12    Int: 11    God:    Xom [*.....]
Gold:   192        SH:  0    Dex: 12    Spells: 4/4 levels left

rFire   + . .      SeeInvis .   j - +1 hunting sling (flame)
rCold   . . .      Faith    .   (no shield)
rNeg    . . .      Spirit   .   (body armour unavailable)
rPois   +          Reflect  .   (helmet restricted)
rElec   .          Harm     .   (no cloak)
rCorr   .          Rampage  .   (no gloves)
Will    .....                   (no boots)
Stlth   +.........              (no amulet)
HPRegen 0.17/turn               (no ring)
MPRegen 0.09/turn               (no ring)

@: no status effects
A: AC +5, unfitting armour, cold-blooded, dopey 1, fire resistance 1, poison
resistance, robust 1
a: Renounce Religion


You were on level 3 of the Dungeon.
You worshipped Xom.
You were a special plaything of Xom.
You visited 1 branch of the dungeon, and saw 3 of its levels.

You collected 192 gold pieces.

Inventory:

Hand Weapons
 a - a +2 falchion of protection
 j - a +1 hunting sling of flaming (weapon)
Missiles
 c - 10 poisoned darts
 l - 104 stones
Armour
 i - a +0 pair of boots
Wands
 k - a wand of mindburst (5)
Scrolls
 d - a scroll of identify
 e - a scroll of silence {unknown}
 m - a scroll of fog
Potions
 f - a potion of attraction {unknown}
 g - 3 potions of curing
 h - 2 potions of flight
Miscellaneous
 b - a piece from Xom's chessboard (14/15)


   Skills:
 + Level 4.3 Fighting
 + Level 4.5 Long Blades
 + Level 0.7 Slings
 + Level 2.5 Dodging
 - Level 0.5 Stealth
 + Level 0.1 Evocations


You had 4 spell levels left.
You didn't know any spells.
Your spell library contained the following spells:

 Spells                   Type           Power      Damage    Failure   Level
 Portal Projectile        Hex/Tloc       0%         N/A       71%         3
 Blade Hands              Tmut           0%         N/A       100%        5
 Excruciating Wounds      Necr           0%         N/A       100%        5


Dungeon Overview and Level Annotations

Branches:
Dungeon (3/15)

Altars:

Shops:
D:1 (


Innate Abilities, Weirdness & Mutations

Your plain brown scales are hard. (AC +5)
You cannot fit into any form of body armour.
You are cold-blooded and may be slowed by cold attacks.
You are dopey. (Int -2)
Your flesh is heat resistant. (rF+)
Your system is resistant to poisons. (rPois)
You are robust. (+10% HP)


Message History

You shoot a sling bullet.
The sling bullet barely misses the orc priest.
The orc priest calls down the wrath of Beogh upon you.
Pain shoots through your body!
Fire: j) +1 hunting sling (flame)
Press: ? - help, Q - select action, (/) - cycle Shift-Dir - straight line, f/p - orc priest
Aim: an orc priest, wielding a +0 club and wearing a +0 chain mail (lightly wounded, 65% to hit)
You shoot a sling bullet. The sling bullet hits the orc priest.
The sling bullet burns the orc priest.
The orc priest is heavily wounded.
The orc priest looks braver for a moment.
Fire: j) +1 hunting sling (flame)
Press: ? - help, Q - select action, (/) - cycle Shift-Dir - straight line, f/p - orc priest
Aim: an orc priest, wielding a +0 club and wearing a +0 chain mail (heavily wounded, 65% to hit)
You shoot a sling bullet.
The sling bullet barely misses the orc priest.
The orc priest looks satisfied for a moment.
Fire: j) +1 hunting sling (flame)
Press: ? - help, Q - select action, (/) - cycle Shift-Dir - straight line, f/p - orc priest
Aim: an orc priest, wielding a +0 club and wearing a +0 chain mail (heavily wounded, 65% to hit)
You shoot a sling bullet. The sling bullet hits the orc priest.
The sling bullet burns the orc priest.
The orc priest is severely wounded.
The orc priest invokes the aid of Beogh against you.
Beogh smites you!
* * * LOW HITPOINT WARNING * * *
Fire: j) +1 hunting sling (flame)
Press: ? - help, Q - select action, (/) - cycle Shift-Dir - straight line, f/p - orc priest
Aim: an orc priest, wielding a +0 club and wearing a +0 chain mail (severely wounded, 65% to hit)
You shoot a sling bullet.
The sling bullet hits the orc priest but does no damage.
The orc priest is severely wounded.
Fire: j) +1 hunting sling (flame)
Press: ? - help, Q - select action, (/) - cycle Shift-Dir - straight line, f/p - orc priest
Aim: an orc priest, wielding a +0 club and wearing a +0 chain mail (severely wounded, 65% to hit)
You shoot a sling bullet.
The sling bullet closely misses the orc priest.
The orc priest mumbles some strange prayers to Beogh against you.
Beogh smites you!
You die...

###### #.##.....##.....
#....# #.###.>.###.....
#.##.# #.# ##.g.......#
#.##.## #.#####.....#.#.
#.....# #............#..
####..# ######.....#.#.
#..# #.....#.#.
#..##############.#..##.#.
#........@.o.†..........#.
##.##############)##.###..
#.# #.......... #.#
##.##)#...# #.#
######...### #.#
#...####...# #.#
#..........# #.#
#...######.. #.# ##.## ##.


You could see an orc priest.

Vanquished Creatures
  An orc priest (D:3)
  3 adders
  A worm (D:3)
  2 dart slugs
  7 orcs
  4 bats
  7 endoplasms
  5 giant cockroaches (D:3)
  4 goblins
  8 hobgoblins
  A jackal (D:2)
  4 kobolds
  7 quokkas
  3 ball pythons
  8 rats
65 creatures vanquished.

Vanquished Creatures (others)
  12 plants (D:2)
12 creatures vanquished.

Grand Total: 77 creatures vanquished

Notes
Turn   | Place    | Note
-------+----------+-------------------------------------------
     0 | D:1      | Lekart the Draconian Chaos Knight began the quest for the
                  | Orb.
     0 | D:1      | Reached XP level 1. HP: 19/19 MP: 1/1
   300 | D:1      | XOM: silly message
   339 | D:1      | Reached XP level 2. HP: 24/26 MP: 2/2
   449 | D:1      | Found Dagabru's Antique Weapon Shoppe.
   553 | D:1      | XOM: 2-stop teleportation journey
   897 | D:2      | XOM: noise
  1008 | D:2      | XOM: cloud trail
  1124 | D:2      | Reached XP level 3. HP: 32/33 MP: 3/3
  1271 | D:2      | XOM is BORED!
  1271 | D:2      | XOM: 6-stop teleportation journey
  1446 | D:2      | XOM: god gift: scroll labelled HOKYCIJOR {god gift}
  1576 | D:2      | XOM: give mutation
  1576 | D:2      | Gained mutation: Your flesh is heat resistant. (rF+) [Xom's
                  | grace]
  1615 | D:2      | XOM: 4-stop teleportation journey
  1643 | D:2      | XOM: fog
  1756 | D:2      | XOM: god gift: wand of mindburst (5)
  1950 | D:2      | XOM: give mutations
  1950 | D:2      | Gained mutation: Your system is resistant to poisons.
                  | (rPois) [Xom's grace]
  1950 | D:2      | Gained mutation: Your natural rate of healing is unusually
                  | fast. [Xom's grace]
  1950 | D:2      | Gained mutation: You are robust. (+10% HP) [Xom's grace]
  2301 | D:2      | XOM: torment (19/36 hp)
  2622 | D:3      | Found a faded altar of an unknown god.
  2652 | D:3      | Reached XP level 4. HP: 44/44 MP: 4/4
  2721 | D:3      | XOM: 3-stop teleportation journey
  2751 | D:3      | XOM: polymorph orc -> jackal
  2753 | D:3      | XOM: enchant monster (bad)
  2760 | D:3      | XOM: confusion
  3009 | D:3      | XOM: butterfly on damage
  3055 | D:3      | XOM is BORED!
  3055 | D:3      | XOM: confusion
  3056 | D:3      | XOM: 4-stop teleportation journey
  3164 | D:3      | XOM: torment (23/44 hp)
  3212 | D:3      | XOM: noise
  3229 | D:3      | XOM: give mutations
  3229 | D:3      | Gained mutation: You are dopey. (Int -2) [Xom's mischief]
  3229 | D:3      | Lost mutation: Your natural rate of healing is unusually
                  | fast. [Xom's mischief]
  3289 | D:3      | XOM: stat loss: -1 Int (10/11)
  3335 | D:3      | XOM: smoke on damage
  3342 | D:3      | Reached XP level 5. HP: 5/51 MP: 5/5
  3542 | D:3      | Killed from afar by an orc priest

Illustrated notes

Levels and vault maps discovered:
D:1:      matt_arrival_diagonals, layout_loops_ring, serial_shops, shop
D:2:      wad_lake_hut, layout_basic
D:3:      layout_loops_ring, gup_sewer_entry_pipe, basic_ecumenical_altar,
          minmay_misc_feat_roman

Skill      XL: |  1  2  3 |
---------------+----------+-----
Fighting       | 4 |  4.3
Long Blades    | 4 |  4.5
Slings         | |  0.7
Dodging        | |  2.5
Stealth        | |  0.5
Evocations     | |  0.1

Action                   |  1- 3 |  4- 6 || total
-------------------------+-------+-------++-------
Melee: Falchion          |   113 |    49 ||   162
       Tailslap          |    10 |     9 ||    19
       Hunting sling     |       |     1 ||     1
 Fire: Hunting sling     |       |    35 ||    35
Evoke: Piece from Xom's  |     2 |     3 ||     5
  Use: Scroll            |    10 |       ||    10
 Stab: Petrifying        |     1 |       ||     1
       Distracted        |       |     1 ||     1
       Sleeping          |       |     1 ||     1
Armor: Skin              |    39 |    20 ||    59
Dodge: Dodged            |    96 |    44 ||   140

Table legend: (Time is in decaauts)
 A = Elapsed time spent in this place.
 B = Non-inter-level travel time spent in this place.
 C = Inter-level travel time spent in this place.
 D = Time resting spent in this place.
 E = Time spent auto-exploring this place.
 F = Levels seen in this place.
 G = Mean time per level.
                   A        B        C        D        E       F      G
               +--------+--------+--------+--------+--------+-----+--------+
         Total |   3654 |   3446 |    208 |    222 |   2633 |   3 | 1218.0 |
       Dungeon |   3654 |   3446 |    208 |    222 |   2633 |   3 | 1218.0 |
               +--------+--------+--------+--------+--------+-----+--------+

Top non-repeatable levels by time:
     D:2: 1960 daAuts
     D:1: 903 daAuts
     D:3: 790 daAuts
